 Dungeon Crawl Stone Soup version 0.21.1-1-g345015f (webtiles) character file.

67 snakesoul the Skirmisher (level 3, -2/30 HPs)
             Began as a Demonspawn Fighter on June 24, 2018.
             Slain by an ice beast (7 damage)
             ... on level 3 of the Dungeon.
             The game lasted 00:03:39 (2095 turns).

snakesoul the Skirmisher (Demonspawn Fighter)       Turns: 2095, Time: 00:03:40

Health: -2/30      AC:  7    Str: 22    XL:     3   Next: 98%
Magic:  3/3        EV:  9    Int:  9    God:
Gold:   52         SH:  0    Dex: 12    Spells: 2/2 levels left

rFire    . . .     SeeInvis .   a - +0 trident
rCold    . . .     Gourm    .   (no shield)
rNeg     . . .     Faith    .   b - +0 scale mail
rPois    .         Spirit   .   (helmet restricted)
rElec    .         Reflect  .   (no cloak)
rCorr    .         Harm     .   q - +0 pair of gloves
MR       .....                  (no boots)
Stlth    ..........             (no amulet)
HPRegen  0.10/turn              (no ring)
MPRegen  0.08/turn              (no ring)

@: mighty
A: antennae 1, powered by death 1
a: no special abilities


You were on level 3 of the Dungeon.
You were not hungry.

You visited 1 branch of the dungeon, and saw 3 of its levels.

You collected 52 gold pieces.

Inventory:

Hand Weapons
 a - a +0 trident (weapon)
Armour
 b - a +0 scale mail (worn)
 c - a +0 shield
 q - a +0 pair of gloves (worn)
Jewellery
 k - a +3 ring of strength {unknown}
Scrolls
 h - 7 scrolls of identify {unknown}
 i - 2 scrolls of random uselessness {unknown}
 l - 2 scrolls of teleportation {unknown}
 o - a scroll of magic mapping {unknown}
 p - a scroll of fear {unknown}
Potions
 e - a potion of brilliance {unknown}
 g - 2 potions of curing {unknown}
 j - 2 potions of heal wounds {unknown}
 m - a potion of agility {unknown}
 n - a potion of magic {unknown}
 r - a potion of flight {unknown}
Comestibles
 f - 3 rations
 s - 5 chunks of flesh


   Skills:
 + Level 3.7 Fighting
 * Level 3.3 Polearms
 - Level 2.6 Armour
 - Level 2.6 Shields


You had 2 spell levels left.
You didn't know any spells.

Dungeon Overview and Level Annotations

Branches:
Dungeon (3/15)

Altars:


Innate Abilities, Weirdness & Mutations

You have a pair of small antennae on your head.
You regenerate a little health from kills.


Message History

The ice beast is heavily wounded.
The ice beast hits you but does no damage.
You hit the ice beast but do no damage.
The ice beast is heavily wounded.
The ice beast hits you but does no damage.
The ice beast barely misses you.
You puncture the ice beast!
The ice beast is severely wounded.
The ice beast hits you. The ice beast freezes you!
You closely miss the ice beast.
The ice beast is severely wounded.
The ice beast hits you. The ice beast freezes you!
* * * LOW HITPOINT WARNING * * *
You are too injured to fight recklessly!
You are too injured to fight recklessly!
You feel very mighty all of a sudden. The ice beast hits you.
* * * LOW HITPOINT WARNING * * *
The ice beast freezes you!
You die...

## .# .# .## ..###### .......#
#.####.>.. #.# # #.###########
..####### #...Y@......########
.........................^....#
............................#.#
......#.##############....#.#.#
.....## .# ####.#.#.# ......#.#
.# #.#.#.# .......####
#.####### #.#.#.# ...........
#.......# #)#.#.# ###.#######
##.......# #.#....


You could see an ice beast.

Vanquished Creatures
  An adder (D:3)
  An ooze (D:2)
  A worm (D:3)
  A dart slug (D:1)
  A leopard gecko (D:3)
  3 orcs (D:3)
  A ball python (D:1)
  5 bats
  3 giant cockroaches (D:3)
  2 hobgoblins (D:3)
  6 jackals
  A quokka (D:2)
  3 frilled lizards
  7 goblins
  2 kobolds
  4 rats
42 creatures vanquished.

Notes
Turn   | Place    | Note
-------+----------+-------------------------------------------
     0 | D:1      | snakesoul the Demonspawn Fighter began the quest for the Orb.
     0 | D:1      | Reached XP level 1. HP: 18/18 MP: 1/1
   177 | D:1      | Gained mutation: You have a pair of small antennae on your head. [demonic ancestry]
   177 | D:1      | Reached XP level 2. HP: 21/24 MP: 2/2
  1474 | D:3      | Gained mutation: You regenerate a little health from kills. [demonic ancestry]
  1474 | D:3      | Reached XP level 3. HP: 28/29 MP: 3/3
  2085 | D:3      | Noticed an ice beast
  2095 | D:3      | Slain by an ice beast

Skill      XL: |  1  2  3 |
---------------+----------+-----
Polearms       | 2 3 |  3.3
Fighting       | |  3.7
Armour         | |  2.6
Shields        | |  2.6

Action                   || total
-------------------------++-------
Melee: Trident           ||   160
  Use: Potion            ||     1
  Eat: Chunk             ||     4
Armor: Scale mail        ||    54
Dodge: Dodged            ||    66
